 Dungeon Crawl Stone Soup version 0.21.1-1-g345015f (webtiles) character file.

735 LairdRich the Chopper (level 7, -3/93 HPs)
             Began as a Minotaur Berserker on June 13, 2018.
             Was a Priest of Trog.
             Slain by an orc warrior
             ... wielding a +0 dire flail
              (11 damage)
             ... on level 5 of the Dungeon.
             The game lasted 00:13:59 (4650 turns).

LairdRich the Chopper (Minotaur Berserker)          Turns: 4650, Time: 00:14:00

Health: -3/93      AC: 10    Str: 27    XL:     7   Next: 45%
Magic:  6/6        EV: 10    Int:  4    God:    Trog [***...]
Gold:   78         SH:  0    Dex: 11    Spells: 6/6 levels left

rFire    . . .     SeeInvis .   a - +1 hand axe
rCold    . . .     Gourm    .   (no shield)
rNeg     . . .     Faith    .   m - +1 chain mail
rPois    .         Spirit   .   (helmet restricted)
rElec    .         Reflect  .   (no cloak)
rCorr    .         Harm     .   (no gloves)
MR       .....                  (no boots)
Stlth    ..........             (no amulet)
HPRegen  0.25/turn              l - ring of fire
MPRegen  0.10/turn              e - ring of ice

@: berserking, very quick
A: retaliatory headbutt, horns 2
a: Berserk, Trog's Hand, Burn Spellbooks, Renounce Religion


You were on level 5 of the Dungeon.
You worshipped Trog.
Trog was most pleased with you.
You were very hungry.

You visited 1 branch of the dungeon, and saw 5 of its levels.

You collected 78 gold pieces.

Inventory:

Hand Weapons
 a - a +1 hand axe (weapon)
Armour
 m - a +1 chain mail (worn)
Jewellery
 e - a ring of ice (right hand)
 j - an uncursed ring of magical power
 l - a ring of fire (left hand)
 n - an uncursed amulet of regeneration {unknown}
Wands
 p - a wand of polymorph (18)
 v - a wand of disintegration (15)
Scrolls
 d - a scroll of remove curse
 f - 3 scrolls of blinking
 g - a scroll of enchant weapon
 i - 4 scrolls of identify
 o - 2 scrolls of teleportation
 q - a scroll of fear {unknown}
 s - a scroll of magic mapping
 u - a scroll of amnesia {unknown}
Potions
 b - a potion of might {unknown}
 h - 3 potions of haste {unknown}
 k - 3 potions of heal wounds
 r - 2 potions of curing {unknown}
Comestibles
 c - 6 rations
 t - 2 chunks of flesh


   Skills:
 + Level 5.7 Fighting
 * Level 7.1 Axes
 + Level 5.1 Armour
 + Level 4.6 Dodging


You had 6 spell levels left.
You didn't know any spells.

Dungeon Overview and Level Annotations

Branches:
Dungeon (5/15)             Temple (0/1) D:5

Altars:
Gozag
Nemelex Xobeh
Xom


Innate Abilities, Weirdness & Mutations

You reflexively headbutt those who attack you in melee.
You have a pair of horns on your head.


Message History

The orc warrior is severely wounded.
The orc warrior hits you with a dire flail!
You closely miss the orc warrior.
The orc warrior is severely wounded.
The orc warrior misses you.
You hit the orc warrior but do no damage.
The orc warrior is severely wounded.
The orc warrior barely misses you. You furiously retaliate!
You headbutt the orc warrior. You closely miss the orc warrior.
The orc warrior is severely wounded.
A red film seems to cover your vision as you go berserk!
You feel yourself moving faster!
You feel mighty!
You are feeling very hungry.
The orc warrior hits you with a dire flail!!
* * * LOW HITPOINT WARNING * * *
You slash the orc warrior!
The orc warrior is almost dead.
The orc warrior hits you with a dire flail!
You die...

#...#...>...# .8 #..#
#.......... .. #..#
#.#.......# .##..#
#.......... .#..#..#
#.#.#.#.#.# ...#..#
#..........
...###..#..#.#..######..
.......o#..#.#.## #..
#.###@#... #.# ##
#.....##.# #.#
#####.##.###.#
#........# ####.#####
########.# .........#
##########


You could see an orc warrior.

Vanquished Creatures
  Eustachio (D:4)
  Menkaure (D:4)
  A centaur (D:5)
  A scorpion (D:4)
  A howler monkey (D:4)
  A hound (D:4)
  An orc priest (D:4)
  2 orc wizards (D:4)
  A hound skeleton (D:5)
  4 adders
  A gnoll (D:1)
  2 oozes
  3 dart slugs
  A leopard gecko (D:3)
  25 orcs
  3 ball pythons
  4 giant cockroaches
  4 goblins
  5 hobgoblins
  4 jackals (D:3)
  7 bats
  3 frilled lizards
  4 kobolds (D:1)
  A quokka skeleton (D:4)
  2 rats (D:3)
83 creatures vanquished.

Notes
Turn   | Place    | Note
-------+----------+-------------------------------------------
     0 | D:1      | LairdRich the Minotaur Berserker began the quest for the Orb.
     0 | D:1      | Reached XP level 1. HP: 19/19 MP: 0/0
    92 | D:1      | Reached XP level 2. HP: 19/27 MP: 1/1
   353 | D:1      | Reached skill level 4 in Axes
   459 | D:1      | Reached XP level 3. HP: 23/33 MP: 2/2
  1931 | D:3      | Found an opulent altar of Gozag.
  1979 | D:3      | Reached ** piety under Trog
  2214 | D:3      | Reached XP level 4. HP: 35/40 MP: 3/3
  2509 | D:3      | Found a sparkling altar of Nemelex Xobeh.
  2718 | D:4      | Noticed Eustachio
  2766 | D:4      | Reached skill level 5 in Axes
  2766 | D:4      | Reached XP level 5. HP: 47/47 MP: 4/4
  2811 | D:4      | Noticed Menkaure
  2834 | D:4      | Killed Menkaure
  2834 | D:4      | Reached XP level 6. HP: 19/55 MP: 5/5
  3127 | D:4      | Found a shimmering altar of Xom.
  3237 | D:4      | Reached skill level 5 in Fighting
  3237 | D:4      | Reached skill level 6 in Axes
  3435 | D:4      | Killed Eustachio
  3435 | D:4      | Reached XP level 7. HP: 61/61 MP: 6/6
  3489 | D:4      | Reached *** piety under Trog
  4400 | D:5      | Entered Level 5 of the Dungeon
  4402 | D:5      | Found a staircase to the Ecumenical Temple.
  4433 | D:5      | Reached skill level 7 in Axes
  4433 | D:5      | Reached skill level 5 in Armour
  4650 | D:5      | Slain by an orc warrior

Skill      XL: |  1  2  3  4  5  6  7 |
---------------+----------------------+-----
Fighting       | 4 5 |  5.7
Axes           | 4 5 6 7 |  7.1
Armour         | 3 4 5 |  5.1
Dodging        | 3 4 |  4.6

Action                   |  1- 3 |  4- 6 |  7- 9 || total
-------------------------+-------+-------+-------++-------
Melee: Hand axe          |    72 |    91 |    62 ||   225
       Headbutt          |     9 |    12 |    14 ||    35
Invok: Berserk           |       |     3 |     1 ||     4
  Use: Scroll            |     2 |     9 |       ||    11
  Eat: Chunk             |     4 |     2 |     5 ||    11
       Ration            |       |     1 |       ||     1
Armor: Animal skin       |     1 |       |       ||     1
       Leather armour    |     8 |       |       ||     8
       Chain mail        |    12 |    42 |    28 ||    82
       Scale mail        |     3 |       |       ||     3
Dodge: Dodged            |    50 |    34 |    25 ||   109
